 Dungeon Crawl Stone Soup version 0.30.0-5-g1a98f26d00 (webtiles) character file.

Game seed: 16604969309235935712

275 Brutalitops the Shooter (level 6, -2/44 HPs)
             Began as a Formicid Hexslinger on May 9, 2023.
             Was a Believer of Lugonu.
             Slain by a sky beast (6 damage)
             ... on level 4 of the Dungeon.
             The game lasted 00:24:06 (3885 turns).

Brutalitops the Shooter (Formicid Hexslinger)       Turns: 3885, Time: 00:24:07

Health: -2/44      AC:  4    Str: 15    XL:     6   Next: 50%
Magic:  9/9        EV: 12    Int: 12    God:    Lugonu [**....]
Gold:   228        SH:  0    Dex: 16    Spells: 1/9 levels left

rFire   . . .        a - +1 sling
rCold   . . .        (no shield)
rNeg    . . .        c - +0 robe
rPois   .            (helmet unavailable)
rElec   .            (no cloak)
rCorr   +            o - +0 pair of gloves
SInv    +            e - +0 pair of boots
Will    .....        m - amulet of faith
Stlth   +            i - ring of resist corrosion
HPRegen 0.27/turn    (no ring)
MPRegen 0.11/turn

%: faith
@: no status effects
A: permanent stasis, dig shafts and tunnels, antennae 3, four strong arms
a: Dig, Shaft Self, Renounce Religion, Depart the Abyss, Banish


You were on level 4 of the Dungeon.
You worshipped Lugonu.
Lugonu was pleased with you.
You visited 1 branch of the dungeon, and saw 5 of its levels.

You collected 228 gold pieces.

Inventory:

Hand Weapons
 a - a +1 sling (weapon)
Armour
 c - a +0 robe (worn)
 e - a +0 pair of boots (worn)
 f - a +0 ring mail
 o - a +0 pair of gloves (worn)
Jewellery
 i - a ring of resist corrosion (left hand)
 m - an amulet of faith (around neck)
Scrolls
 b - a scroll of poison
 j - a scroll of immolation
 k - a scroll of amnesia
Potions
 d - a potion of cancellation
 g - 2 potions of lignification
 h - 2 potions of ambrosia
 l - a potion of magic
 q - a potion of invisibility
 r - 2 potions of curing {unknown}


   Skills:
 + Level 2.2 Fighting
 + Level 5.0 Ranged Weapons
 - Level 1.7 Dodging
 + Level 2.1 Spellcasting
 + Level 4.2 Hexes
 * Level 2.1 Invocations


You had one spell level left.
You knew the following spells:

 Your Spells              Type           Power      Damage    Failure   Level
a - Slow                  Hex            44%        N/A       4%          1
b - Confusing Touch       Hex            11%        N/A       14%         3
c - Cause Fear            Hex            5%         N/A       43%         4

Your spell library contained the following spells:

 Spells                   Type           Power      Damage    Failure   Level
 Kiss of Death            Conj/Necr      4%         2d5       26%         1
 Inner Flame              Hex/Fire       6%         N/A       34%         3
 Portal Projectile        Hex/Tloc       12%        N/A       34%         3
 Gell's Gravitas          Tloc           1%         N/A       63%         3
 Teleport Other           Tloc           1%         N/A       63%         3
 Dispel Undead            Necr           1%         3d6       95%         4
 Dispersal                Tloc           0%         N/A       100%        6


Dungeon Overview and Level Annotations

Branches:
Dungeon (5/15)
 Temple: D:4-7

Altars:
Makhleb
Vehumet
Wu Jian
Zin
Lugonu

Annotations:
D:4 Grinder, Menkaure
Abyss:1 Edmund


Innate Abilities, Weirdness & Mutations

You cannot be hasted, slowed, berserked, paralysed or teleported.
You can dig through walls and to a lower floor.
You have a pair of large antennae on your head. (SInv)
Your four strong arms can wield two-handed weapons with a shield.


Message History

Press: ? - help, Shift-Dir - straight line, f/p - sky beast
Aim: a sky beast (severely wounded, slightly transparent, 51% to hit)
You shoot a sling bullet.
The sling bullet closely misses the sky beast.
The sky beast hits you but does no damage.
Fire: a) +1 sling
Press: ? - help, Shift-Dir - straight line, f/p - sky beast
Aim: a sky beast (severely wounded, slightly transparent, 51% to hit)
You shoot a sling bullet.
The sling bullet hits the sky beast but does no damage.
The sky beast is severely wounded.
The sky beast hits you. The sky beast shocks you.
The sky beast barely misses you.
Fire: a) +1 sling
Press: ? - help, Shift-Dir - straight line, f/p - sky beast
Aim: a sky beast (severely wounded, slightly transparent, 51% to hit)
You shoot a sling bullet. The sling bullet misses the sky beast.
The sky beast hits you. The sky beast shocks you.
Fire: a) +1 sling
Press: ? - help, Shift-Dir - straight line, f/p - sky beast
Aim: a sky beast (severely wounded, slightly transparent, 51% to hit)
You shoot a sling bullet. The sling bullet hits the sky beast.
The sky beast is almost dead.
The sky beast barely misses you.
Fire: a) +1 sling
Press: ? - help, Shift-Dir - straight line, f/p - sky beast
Aim: a sky beast (almost dead, slightly transparent, 51% to hit)
You shoot a sling bullet.
The sling bullet closely misses the sky beast.
The sky beast hits you. The sky beast shocks you.
* * * LOW HITPOINT WARNING * * *
Fire: a) +1 sling
Press: ? - help, Shift-Dir - straight line, f/p - sky beast
Aim: a sky beast (almost dead, slightly transparent, 51% to hit)
You shoot a sling bullet.
The sling bullet closely misses the sky beast.
The sky beast hits you.
* * * LOW HITPOINT WARNING * * *
The sky beast shocks you.
You die...

#.รท.......... #.....###...#
###.......... ##....##....#
###{...###### #....##.####
.......## #....#....#
{.......##### #....#....###
............# #....#....#..
.(.....#....## ######....#.......
.......#.....###.........#.......
...............Y@.............>#.
.......#...............####....##
.......#.....##........# ####.#
.......#.....##........# #.#
......Y#.....##.######## #.#
.......#.....##...# ####.##
.......#.....####.### #......
..)....#.....##.....### #......
########.......### #......


You could see a sky beast.

Vanquished Creatures
  Terence (D:2)
  3 iguanas (D:4)
  4 adders
  A shadow imp (D:5)
  4 worms
  3 dart slugs
  An orc (D:3)
  8 ball pythons
  13 endoplasms
  2 giant cockroaches
  6 goblins
  6 hobgoblins
  3 jackals (D:3)
  5 quokkas
  2 bats
  3 frilled lizards
  6 kobolds
  4 rats
75 creatures vanquished.

Notes
Turn   | Place    | Note
-------+----------+-------------------------------------------
     0 | D:1      | Brutalitops the Formicid Hexslinger began the quest for the
                  | Orb.
     0 | D:1      | Reached XP level 1. HP: 15/15 MP: 2/2
   219 | D:1      | Reached XP level 2. HP: 16/21 MP: 1/3
   503 | D:1      | Reached skill level 3 in Ranged Weapons
  1026 | D:2      | Reached XP level 3. HP: 26/26 MP: 2/4
  1067 | D:2      | Learned a level 3 spell: Confusing Touch
  1430 | D:2      | Noticed Terence
  1479 | D:2      | Killed Terence
  1480 | D:2      | Reached XP level 4. HP: 17/32 MP: 2/6
  1824 | D:2      | Found a faded altar of an unknown god.
  1832 | D:2      | Prayed at the altar of an unknown god.
  1832 | D:2      | Became a worshipper of Lugonu the Unformed
  1832 | D:2      | Reached * piety under Lugonu
  2019 | D:3      | Reached skill level 4 in Ranged Weapons
  2125 | D:3      | Reached skill level 1 in Invocations
  2387 | D:3      | Reached XP level 5. HP: 38/38 MP: 5/7
  2544 | D:3      | Found a radiant altar of Vehumet.
  2568 | D:3      | Found a glowing silver altar of Zin.
  2751 | D:3      | Found an ornate altar of the Wu Jian Council.
  2752 | D:3      | Found a burning altar of Makhleb.
  2913 | D:4      | Noticed Grinder
  2945 | D:4      | Noticed a sky beast
  3200 | D:4      | Reached ** piety under Lugonu
  3220 | D:5      | Entered Level 5 of the Dungeon
  3300 | D:4      | Reached XP level 6. HP: 26/44 MP: 7/9
  3305 | D:4      | Learned a level 4 spell: Cause Fear
  3664 | D:5      | Noticed Menkaure
  3664 | D:5      | Noticed Edmund
  3664 | D:5      | Noticed an ice beast
  3694 | D:3      | Banished Edmund
  3695 | D:3      | Reached skill level 5 in Ranged Weapons
  3885 | D:4      | Slain by a sky beast

Illustrated notes

Levels and vault maps discovered:
D:1:      saegor_arrival_simple_d, layout_basic, hex_tiny, nicolae_titane
D:2:      layout_basic, chequers_ecumenical_altar_simple, grunt_ministairs_15,
          amethyst_killhole, uniq_terence
D:3:      layout_loops_ring, mainiacjoe_overflow_paths, old_standard_altar,
          gammafunk_temple_overflow_statue
D:4:      layout_basic, uniq_grinder
D:5:      layout_gridville, minmay_temple_entry_butterflies, uniq_menkaure,
          uniq_edmund, uniq_sigmund

Skill      XL: |  1  2  3  4  5  6 |
---------------+-------------------+-----
Ranged Weapons | 3 4 5 |  5.0
Invocations    | 1 2 |  2.1
Fighting       | 2 |  2.2
Hexes          | 4 |  4.2
Spellcasting   | 2 |  2.1
Dodging        | |  1.7

Action                     |  1- 3 |  4- 6 || total
---------------------------+-------+-------++-------
  Melee: Sling             |     6 |       ||     6
   Fire: Sling             |   105 |   187 ||   292
   Cast: Slow              |    20 |    24 ||    44
         Confusing Touch   |     2 |       ||     2
 Invoke: Banish            |       |     1 ||     1
    Use: Scroll            |     4 |     8 ||    12
         Potion            |     3 |     2 ||     5
 Armour: Robe              |    18 |    11 ||    29
  Dodge: Dodged            |    37 |    41 ||    78
